 Dungeon Crawl Stone Soup version 0.30-a0-723-gc1506a1cf0 (webtiles) character file.

Game seed: 14571162751486747784

89 gelatine the Covered (level 4, -1/40 HPs)
             Began as a Minotaur Fighter on Jan 28, 2023.
             Slain by Edmund
             ... wielding a +2 heavy dire flail
              (16 damage)
             ... on level 4 of the Dungeon.
             The game lasted 00:04:12 (2478 turns).

gelatine the Covered (Minotaur Fighter)             Turns: 2478, Time: 00:04:13

Health: -1/40      AC:  8    Str: 23    XL:     4   Next: 31%
Magic:  3/3        EV: 10    Int:  5    God:
Gold:   146        SH:  5    Dex: 15    Spells: 3/3 levels left

rFire   . . .      SeeInvis .    a - +0 war axe
rCold   . . .      Faith    .    c - +0 buckler
rNeg    . . .      Spirit   .    b - +0 scale mail
rPois   .          Reflect  .    (helmet restricted)
rElec   .          Harm     .    j - +0 cloak
rCorr   .          Rampage  .    (no gloves)
Will    .....                    (no boots) Stlth
                                 (no amulet)
HPRegen 0.26/turn                v - +6 ring of dexterity
MPRegen 0.08/turn                (no ring)

@: no status effects
A: horns 2, retaliatory headbutt
a: no special abilities


You were on level 4 of the Dungeon.
You visited 1 branch of the dungeon, and saw 4 of its levels.

You collected 146 gold pieces.

Inventory:

Hand Weapons
 a - a +0 war axe (weapon)
Armour
 b - a +0 scale mail (worn)
 c - a +0 buckler (worn)
 j - a +0 cloak (worn)
Jewellery
 v - a +6 ring of dexterity (left hand)
Scrolls
 h - a scroll of brand weapon {unknown}
 k - a scroll of fog {unknown}
 l - a scroll of enchant armour {unknown}
 n - a scroll of vulnerability {unknown}
 o - 2 scrolls of enchant weapon {unknown}
 p - 2 scrolls of identify {unknown}
 s - a scroll of amnesia {unknown}
 t - a scroll of acquirement {unknown}
 y - a scroll of immolation {unknown}
Potions
 d - a potion of might
 e - 2 potions of haste {unknown}
 f - 3 potions of attraction {unknown}
 g - 3 potions of lignification {unknown}
 i - a potion of heal wounds {unknown}
 m - a potion of resistance {unknown}
 q - a potion of flight {unknown}
 r - 2 potions of curing {unknown}
 u - 2 potions of degeneration {unknown}
 x - a potion of berserk rage {unknown}


   Skills:
 * Level 4.1 Fighting
 * Level 4.0 Axes
 * Level 4.2 Armour
 * Level 1.1 Dodging
 * Level 4.0 Shields


You had 3 spell levels left.
You didn't know any spells.
Your spell library was empty.

Dungeon Overview and Level Annotations

Branches:
Dungeon (4/15)
 Temple: D:4-7

Altars:
Cheibriados
Gozag
Ru
Xom
The Shining One

Annotations:
D:4 Edmund


Innate Abilities, Weirdness & Mutations

You have a pair of horns on your head.
You reflexively headbutt those who attack you in melee.


Message History

Found a scale mail.
You now have 146 gold pieces (gained 6).
You open the door.
There is an open door here.
You open the door.
There is an open door here.
You open the door.
There is an open door here.
As you open the door, it creaks loudly!
You open the door.
A giant cockroach comes into view.
There is an open door here.
Edmund the Younger comes into view.
He is wielding a +2 heavy dire flail.
Edmund shouts!
The giant cockroach closely misses you. You furiously retaliate!
You headbutt the giant cockroach!
You kill the giant cockroach!
You see here a giant cockroach corpse.
You throw a poisoned dart. The poisoned dart hits Edmund.
Edmund is poisoned.
You throw a poisoned dart. The poisoned dart barely misses Edmund.
Edmund hits you with a +2 heavy dire flail!
You barely miss Edmund. Your headbutt misses Edmund.
Edmund is lightly wounded.
Edmund hits you with a +2 heavy dire flail.
You hit Edmund.
Edmund is lightly wounded.
You completely miss Edmund. You headbutt Edmund.
Edmund is moderately wounded.
Edmund hits you with a +2 heavy dire flail.
You barely miss Edmund.
Edmund is moderately wounded.
Edmund looks more healthy.
Edmund hits you with a +2 heavy dire flail!
You slash Edmund! You headbutt Edmund.
Edmund is severely wounded.
You block Edmund's attack.
You closely miss Edmund. You headbutt Edmund!
Edmund is almost dead.
Edmund hits you with a +2 heavy dire flail!
You die...

#..##'##......#....
#.. #..#..........#
#...#..############
#...#...# #...'...#
########'####
#...†.......#
#...........#
#....@......#
#....@......#
#...........#
#...........#
#.....(.....#
..####..(.#### ...
#....# .. #....#


You could see Edmund.

Vanquished Creatures
  A white imp (D:4)
  4 orcs (D:3)
  2 bats (D:2)
  7 endoplasms
  4 giant cockroaches
  6 goblins
  10 hobgoblins
  12 jackals (D:2)
  A quokka (D:2)
  3 ball pythons (D:1)
  A frilled lizard (D:1)
  7 kobolds
  8 rats
66 creatures vanquished.

Notes
Turn   | Place    | Note
-------+----------+-------------------------------------------
     0 | D:1      | gelatine the Minotaur Fighter began the quest for the Orb.
     0 | D:1      | Reached XP level 1. HP: 19/19 MP: 0/0
   169 | D:1      | Reached XP level 2. HP: 27/27 MP: 1/1
   581 | D:2      | Reached XP level 3. HP: 32/33 MP: 2/2
  1142 | D:2      | Found a faded altar of an unknown god.
  1347 | D:3      | Found a glowing golden altar of the Shining One.
  1443 | D:3      | Reached XP level 4. HP: 40/40 MP: 3/3
  1455 | D:3      | Found a snail-covered altar of Cheibriados.
  1716 | D:3      | Reached skill level 1 in Dodging
  2015 | D:4      | Found an opulent altar of Gozag.
  2032 | D:4      | Found a shimmering altar of Xom.
  2209 | D:4      | Found a sacrificial altar of Ru.
  2467 | D:4      | Noticed Edmund
  2478 | D:4      | Slain by Edmund

Illustrated notes

Levels and vault maps discovered:
D:1:      matt_arrival_refuge, layout_basic, serial_corexii_hall,
          chequers_hall_statues_corner_a, corexii_hall_statues_l
D:2:      minmay_spotlight, layout_loops_corners, ebering_ecumenical_altar_webs
D:3:      layout_loops_ring, nicolae_overflow_crystal_walls,
          mainiacjoe_overflow_chevrons, grunt_decor_junction
D:4:      layout_gridville, nicolae_ru_awakened_eye,
          mainiacjoe_overflow_big_doors, uniq_edmund

Skill      XL: |  1  2  3  4 |
---------------+-------------+-----
Axes           | 3 4 |  4.0
Fighting       | 4 |  4.1
Armour         | 4 |  4.2
Shields        | 4 |  4.0
Dodging        | 1 |  1.1

Action                     |  1- 3 |  4- 6 || total
---------------------------+-------+-------++-------
  Melee: War axe           |    98 |    24 ||   122
         Headbutt          |    10 |     6 ||    16
  Throw: Dart              |       |     2 ||     2
 Armour: Scale mail        |    51 |    11 ||    62
  Dodge: Dodged            |    56 |     9 ||    65
  Block: Buckler           |    23 |     3 ||    26

Table legend: (Time is in decaauts)
 A = Elapsed time spent in this place.
 B = Non-inter-level travel time spent in this place.
 C = Inter-level travel time spent in this place.
 D = Time resting spent in this place.
 E = Time spent auto-exploring this place.
 F = Levels seen in this place.
 G = Mean time per level.
                   A        B        C        D        E       F      G
               +--------+--------+--------+--------+--------+-----+--------+
         Total |   2521 |   2452 |     69 |      0 |   1961 |   4 |  630.2 |
       Dungeon |   2521 |   2452 |     69 |      0 |   1961 |   4 |  630.2 |
               +--------+--------+--------+--------+--------+-----+--------+

Top non-repeatable levels by time:
     D:2: 805 daAuts
     D:3: 667 daAuts
     D:1: 525 daAuts
     D:4: 522 daAuts
